[ AOE2 MATCH · #505522703 ]
UnrankedGoths vs Berbers
Player's team · WIN
Rival team · LOSS
[ REPLAY ANALYSIS · EXTRACTED FROM THE RECORDED GAME ]
Feudal
11:38
Castle
17:00
Imperial
30:54
| APM avg | 52.4 |
| APM peak | 97 |
| eAPM avg | 30.9 |
| Villagers / military | 189 / 296 |
Focus
⚔️ 34.7% · 🌾 65.3%
Huskarl ×158 · Spearman ×120 · Trebuchet (Packed) ×8 · Monk ×3 · Militia ×3 · Mangonel ×2
Feudal
9:06
Castle
19:36
Imperial
31:32
| APM avg | 65.9 |
| APM peak | 104 |
| eAPM avg | 34.2 |
| Villagers / military | 276 / 140 |
Focus
⚔️ 47.2% · 🌾 52.8%
Camel Archer ×73 · Knight ×45 · Archer ×22
Match map
Initial resources + every placement click. Lines = walls · curves = elevation contours. ◆ gold · ⬟ stone · ● berries · ✦ relic · ◌ wall gap
Your base· Open — unwalled flank
NicoDA's base· Open — 5t gap
Smoothed initial terrain · ◌ = detected wall gap · hover for details
Inputs per minute
— mouri - - NicoDA
Build order — mouri
First 150 of 535 actions detected
| 0:00 | Create | Villager (Male) |
| 0:01 | Create | Villager (Male) |
| 0:02 | Build | House |
| 0:04 | Build | House |
| 0:12 | Research | Loom |
| 0:17 | Create | Villager (Male) |
| 0:49 | Create | Villager (Male) |
| 0:50 | Create | Villager (Male) |
| 1:24 | Create | Villager (Male) |
| 1:24 | Create | Villager (Male) |
| 2:02 | Create | Villager (Male) |
| 2:03 | Create | Villager (Male) |
| 2:06 | Build | Lumber Camp |
| 2:12 | Create | Villager (Male) |
| 2:38 | Create | Villager (Male) |
| 2:38 | Create | Villager (Male) |
| 3:27 | Create | Villager (Male) |
| 3:36 | Create | Villager (Male) |
| 3:38 | Build | House |
| 3:46 | Create | Villager (Male) |
| 4:08 | Build | House |
| 4:21 | Create | Villager (Male) |
| 4:35 | Create | Villager (Male) |
| 4:35 | Create | Villager (Male) |
| 4:53 | Build | Barracks |
| 5:24 | Build | House |
| 5:28 | Create | Villager (Male) |
| 5:46 | Create | Militia |
| 5:46 | Create | Militia |
| 5:50 | Create | Villager (Male) |
| 6:20 | Create | Villager (Male) |
| 6:25 | Build | Mill |
| 6:36 | Create | Villager (Male) |
| 6:47 | Create | Militia |
| 6:51 | Build | House |
| 6:54 | Build | Palisade Wall |
| 7:15 | Create | Villager (Male) |
| 7:29 | Build | Palisade Wall |
| 7:41 | Create | Villager (Male) |
| 7:45 | Build | Mill |
| 8:07 | Create | Villager (Male) |
| 8:28 | Create | Villager (Male) |
| 8:59 | Build | Palisade Wall |
| 9:03 | Create | Villager (Male) |
| 9:13 | Build | Palisade Wall |
| 9:20 | Research | Feudal Age |
| 9:20 | Research | Feudal Age |
| 9:20 | Research | Feudal Age |
| 9:20 | Research | Feudal Age |
| 9:20 | Research | Feudal Age |
| 9:33 | Create | Villager (Male) |
| 9:39 | Build | Farm |
| 10:03 | Build | Mining Camp |
| 10:22 | Create | Villager (Male) |
| 10:23 | Build | Farm |
| 10:25 | Build | Farm |
| 10:36 | Build | Farm |
| 10:42 | Build | Farm |
| 10:43 | Create | Villager (Male) |
| 10:51 | Build | Mining Camp |
| 10:58 | Create | Villager (Male) |
| 11:26 | Create | Villager (Male) |
| 11:26 | Create | Villager (Male) |
| 11:38 | Age | Feudal Age |
| 11:40 | Build | Archery Range |
| 11:50 | Research | Double-Bit Axe |
| 12:05 | Build | Palisade Wall |
| 12:06 | Build | Palisade Wall |
| 12:07 | Build | Palisade Wall |
| 12:08 | Build | Palisade Wall |
| 12:11 | Create | Villager (Male) |
| 12:36 | Build | Blacksmith |
| 12:44 | Build | Blacksmith |
| 12:47 | Build | Palisade Wall |
| 12:58 | Build | House |
| 13:12 | Create | Villager (Male) |
| 13:15 | Create | Skirmisher |
| 13:19 | Build | Palisade Wall |
| 13:25 | Build | Farm |
| 13:25 | Build | Farm |
| 13:31 | Create | Archer |
| 13:44 | Build | Farm |
| 13:45 | Build | Farm |
| 13:46 | Create | Villager (Male) |
| 14:20 | Research | Castle Age |
| 14:21 | Research | Castle Age |
| 14:21 | Research | Castle Age |
| 15:05 | Research | Horse Collar |
| 15:26 | Create | Spearman |
| 16:15 | Research | Wheelbarrow |
| 16:15 | Research | Wheelbarrow |
| 16:28 | Create | Villager (Male) |
| 16:44 | Build | House |
| 17:00 | Age | Castle Age |
| 17:03 | Build | Town Center |
| 17:05 | Create | Villager (Male) |
| 17:12 | Build | Town Center |
| 17:15 | Create | Villager (Male) |
| 17:17 | Build | Siege Workshop |
| 17:22 | Research | Bow Saw |
| 17:22 | Research | Bow Saw |
| 17:36 | Build | Palisade Wall |
| 17:43 | Create | Villager (Male) |
| 17:48 | Build | Farm |
| 17:57 | Build | Lumber Camp |
| 18:02 | Build | House |
| 18:08 | Build | Palisade Wall |
| 18:08 | Build | Palisade Wall |
| 18:09 | Create | Villager (Male) |
| 18:19 | Create | Villager (Male) |
| 18:20 | Create | Villager (Male) |
| 18:30 | Research | Town Watch |
| 18:31 | Create | Villager (Male) |
| 18:39 | Create | Villager (Male) |
| 18:51 | Build | Mining Camp |
| 18:54 | Create | Villager (Male) |
| 18:55 | Create | Villager (Male) |
| 19:00 | Build | Palisade Wall |
| 19:16 | Build | House |
| 19:18 | Build | Farm |
| 19:24 | Create | Villager (Male) |
| 19:24 | Create | Villager (Male) |
| 19:34 | Build | Farm |
| 19:36 | Build | Farm |
| 19:39 | Create | Mangonel |
| 19:41 | Create | Villager (Male) |
| 19:42 | Create | Villager (Male) |
| 19:43 | Build | Monastery |
| 19:51 | Create | Villager (Male) |
| 19:51 | Create | Villager (Male) |
| 19:57 | Build | Farm |
| 20:00 | Build | House |
| 20:04 | Build | House |
| 20:08 | Build | Farm |
| 20:16 | Create | Villager (Male) |
| 20:16 | Create | Villager (Male) |
| 20:18 | Create | Monk |
| 20:22 | Build | Farm |
| 20:30 | Create | Villager (Male) |
| 20:31 | Create | Villager (Male) |
| 20:36 | Build | Town Center |
| 20:47 | Build | Farm |
| 20:48 | Create | Villager (Male) |
| 20:49 | Create | Villager (Male) |
| 20:56 | Create | Villager (Male) |
| 20:57 | Create | Villager (Male) |
| 21:00 | Build | Farm |
| 21:15 | Build | Farm |
| 21:15 | Create | Villager (Male) |
| 21:16 | Create | Villager (Male) |
Build order — NicoDA
First 150 of 519 actions detected
| 0:00 | Create | Villager (Male) |
| 0:00 | Create | Villager (Male) |
| 0:01 | Build | House |
| 0:02 | Build | House |
| 0:05 | Create | Villager (Male) |
| 0:15 | Create | Villager (Male) |
| 1:18 | Build | Lumber Camp |
| 1:23 | Create | Villager (Male) |
| 1:42 | Create | Villager (Male) |
| 2:24 | Create | Villager (Male) |
| 2:24 | Create | Villager (Male) |
| 2:48 | Create | Villager (Male) |
| 2:48 | Create | Villager (Male) |
| 3:28 | Create | Villager (Male) |
| 3:34 | Create | Villager (Male) |
| 3:35 | Create | Villager (Male) |
| 3:46 | Create | Villager (Male) |
| 3:46 | Create | Villager (Male) |
| 3:58 | Build | House |
| 4:21 | Build | Mining Camp |
| 4:38 | Create | Villager (Male) |
| 4:44 | Create | Villager (Male) |
| 4:49 | Create | Villager (Male) |
| 4:56 | Create | Villager (Male) |
| 5:53 | Build | Palisade Wall |
| 6:09 | Research | Loom |
| 6:39 | Build | Palisade Wall |
| 6:41 | Build | Palisade Wall |
| 6:56 | Research | Feudal Age |
| 6:57 | Research | Feudal Age |
| 7:11 | Build | Palisade Wall |
| 7:31 | Build | House |
| 7:34 | Create | Villager (Male) |
| 7:44 | Build | Palisade Wall |
| 8:12 | Build | Barracks |
| 8:14 | Build | Palisade Wall |
| 8:34 | Create | Villager (Male) |
| 8:54 | Build | House |
| 9:05 | Create | Villager (Male) |
| 9:06 | Age | Feudal Age |
| 9:09 | Build | Archery Range |
| 9:29 | Build | Mill |
| 9:50 | Create | Archer |
| 9:50 | Create | Archer |
| 9:53 | Create | Archer |
| 10:06 | Create | Villager (Male) |
| 10:14 | Create | Archer |
| 10:20 | Build | Mill |
| 10:23 | Build | House |
| 10:38 | Create | Archer |
| 10:45 | Create | Villager (Male) |
| 10:57 | Create | Villager (Male) |
| 11:04 | Research | Double-Bit Axe |
| 11:04 | Research | Double-Bit Axe |
| 11:10 | Create | Archer |
| 11:23 | Create | Villager (Male) |
| 11:23 | Create | Villager (Male) |
| 11:24 | Create | Archer |
| 11:27 | Build | House |
| 11:30 | Create | Archer |
| 11:30 | Create | Archer |
| 11:37 | Build | Farm |
| 11:40 | Create | Archer |
| 11:56 | Create | Villager (Male) |
| 11:57 | Create | Villager (Male) |
| 11:57 | Create | Villager (Male) |
| 11:59 | Build | Farm |
| 12:03 | Build | Farm |
| 12:08 | Create | Archer |
| 12:17 | Create | Villager (Male) |
| 12:27 | Build | Farm |
| 12:34 | Create | Villager (Male) |
| 12:47 | Create | Villager (Male) |
| 12:48 | Create | Archer |
| 12:51 | Create | Villager (Male) |
| 12:57 | Build | House |
| 12:59 | Create | Archer |
| 13:02 | Create | Villager (Male) |
| 13:12 | Create | Archer |
| 13:17 | Build | House |
| 13:23 | Create | Villager (Male) |
| 13:26 | Build | Farm |
| 13:44 | Create | Villager (Male) |
| 13:48 | Build | Farm |
| 13:53 | Create | Villager (Male) |
| 13:57 | Create | Villager (Male) |
| 14:00 | Build | Farm |
| 14:05 | Build | House |
| 14:17 | Create | Villager (Male) |
| 14:25 | Create | Villager (Male) |
| 14:28 | Create | Archer |
| 14:33 | Build | Farm |
| 14:41 | Build | House |
| 14:45 | Create | Archer |
| 14:51 | Create | Villager (Male) |
| 15:16 | Build | Blacksmith |
| 15:21 | Create | Villager (Male) |
| 15:22 | Create | Archer |
| 15:28 | Create | Villager (Male) |
| 15:30 | Create | Archer |
| 15:38 | Create | Villager (Male) |
| 15:45 | Build | Lumber Camp |
| 15:52 | Create | Archer |
| 16:16 | Create | Villager (Male) |
| 16:16 | Create | Archer |
| 16:23 | Build | Farm |
| 16:33 | Build | Farm |
| 16:44 | Create | Villager (Male) |
| 16:56 | Research | Castle Age |
| 16:56 | Research | Castle Age |
| 16:57 | Research | Castle Age |
| 17:25 | Research | Fletching |
| 17:25 | Research | Fletching |
| 17:25 | Research | Fletching |
| 17:35 | Build | Archery Range |
| 17:53 | Create | Villager (Male) |
| 17:53 | Create | Villager (Male) |
| 17:57 | Create | Archer |
| 17:57 | Create | Archer |
| 18:00 | Research | Horse Collar |
| 18:21 | Create | Villager (Male) |
| 18:30 | Create | Villager (Male) |
| 18:34 | Research | Gold Mining |
| 18:34 | Research | Gold Mining |
| 18:54 | Build | Farm |
| 18:59 | Create | Villager (Male) |
| 19:09 | Create | Villager (Male) |
| 19:14 | Create | Villager (Male) |
| 19:36 | Age | Castle Age |
| 19:38 | Build | Town Center |
| 19:40 | Build | Town Center |
| 19:41 | Research | Crossbowman (upgrade) |
| 19:43 | Create | Villager (Male) |
| 19:51 | Build | House |
| 19:54 | Create | Villager (Male) |
| 20:09 | Create | Villager (Male) |
| 20:15 | Create | Villager (Male) |
| 20:15 | Create | Villager (Male) |
| 20:15 | Create | Villager (Male) |
| 20:17 | Build | Farm |
| 20:31 | Create | Villager (Male) |
| 20:31 | Create | Villager (Male) |
| 20:31 | Create | Villager (Male) |
| 20:41 | Create | Villager (Male) |
| 20:41 | Create | Villager (Male) |
| 20:44 | Create | Villager (Male) |
| 20:44 | Create | Villager (Male) |
| 20:46 | Create | Villager (Male) |
| 20:46 | Create | Villager (Male) |
| 20:53 | Build | Farm |
Match timeline
| 4:53 | mouri · first_building Barracks |
| 5:53 | NicoDA · wall_segment Palisade Wall x5 |
| 6:39 | NicoDA · wall_segment Palisade Wall x5 |
| 6:41 | NicoDA · wall_segment Palisade Wall x7 |
| 6:54 | mouri · wall_segment Palisade Wall x5 |
| 7:11 | NicoDA · wall_segment Palisade Wall x4 |
| 7:29 | mouri · wall_segment Palisade Wall x7 |
| 7:44 | NicoDA · wall_segment Palisade Wall x5 |
| 8:12 | NicoDA · first_building Barracks |
| 8:14 | NicoDA · wall_segment Palisade Wall x1 |
| 8:59 | mouri · wall_segment Palisade Wall x8 |
| 9:06 | NicoDA · age_up feudal |
| 9:09 | NicoDA · first_building Archery Range |
| 9:13 | mouri · wall_segment Palisade Wall x9 |
| 11:38 | mouri · age_up feudal |
| 11:40 | mouri · first_building Archery Range |
| 12:05 | mouri · wall_segment Palisade Wall x1 |
| 12:06 | mouri · wall_segment Palisade Wall x1 |
| 12:07 | mouri · wall_segment Palisade Wall x1 |
| 12:08 | mouri · wall_segment Palisade Wall x1 |
| 12:47 | mouri · wall_segment Palisade Wall x1 |
| 13:19 | mouri · wall_segment Palisade Wall x1 |
| 17:00 | mouri · age_up castle |
| 17:17 | mouri · first_building Siege Workshop |
| 17:36 | mouri · wall_segment Palisade Wall x1 |
| 18:08 | mouri · wall_segment Palisade Wall x1 |
| 18:08 | mouri · wall_segment Palisade Wall x1 |
| 19:00 | mouri · wall_segment Palisade Wall x1 |
| 19:36 | NicoDA · age_up castle |
| 19:43 | mouri · first_building Monastery |
| 22:39 | NicoDA · first_market_buy 100 food |
| 25:52 | NicoDA · first_building Castle |
| 26:39 | mouri · first_building Castle |
| 27:58 | NicoDA · first_market_sell 500 wood |
| 28:59 | NicoDA · first_building Stable |
| 30:53 | NicoDA · wall_segment Palisade Wall x1 |
| 30:54 | mouri · age_up imperial |
| 31:32 | NicoDA · age_up imperial |
| 31:43 | mouri · first_market_buy 100 wood |
| 40:57 | NicoDA · resign |
[ AI ANALYSIS · 1 CREDIT ]
What really happened in this match?
Wolo.gg analyzes every decision: build order, eco, micro, common mistakes by bracket. Personalized analysis on WhatsApp or Discord in 30 seconds.
Civ guide
Goths
Perfil
Jugador #884134